 Dungeon Crawl Stone Soup version 0.24-a0-282-g1a68c91 (webtiles) character file.

Game seed: 3072931876206851939

9909 Lanoc the Protected (level 11, 0/90 HPs)
             Began as a Formicid Fighter on May 3, 2019.
             Was the Champion of Jiyva.
             Slain by a red ugly thing (21 damage)
             ... on level 12 of the Dungeon.
             The game lasted 00:23:23 (6519 turns).

Lanoc the Protected (Formicid Fighter)              Turns: 6519, Time: 00:23:24

Health: 0/90       AC: 10    Str: 17    XL:     11   Next: 83%
Magic:  11/11      EV: 14    Int: 10    God:    Jiyva [******]
Gold:   1674       SH: 12    Dex: 15    Spells: 10/10 levels left

rFire    . . .     SeeInvis +   x - +9 war axe of the Enchanted Forest {flame, +Inv rN++ MR- Stlth+}
rCold    . . .     Gourm    .   c - +1 shield
rNeg     + + .     Faith    .   b - +0 scale mail
rPois    .         Spirit   .   (helmet unavailable)
rElec    .         Reflect  .   o - +0 cloak
rCorr    +         Harm     .   (no gloves)
MR       .....                  (no boots)
Stlth    +.........             g - amulet of regeneration
HPRegen  0.65/turn              r - ring of wizardry
MPRegen  0.12/turn              z - ring of flight

@: no status effects
A: permanent stasis, dig shafts and tunnels, four strong arms, antennae 3,
acidic bite
a: Dig, Shaft Self, Request Jelly, Slimify, Cure Bad Mutation, Renounce
Religion, Evoke Invisibility, Evoke Flight


You were on level 12 of the Dungeon.
You worshipped Jiyva.
Jiyva was exalted by your worship.
You were very full.

You visited 2 branches of the dungeon, and saw 13 of its levels.
You also visited: Bailey.

You collected 1674 gold pieces.

Inventory:

Hand Weapons
 x - the +9 war axe of the Enchanted Forest (weapon) {flame, +Inv rN++ MR- Stlth+}
   (You found it on level 7 of the Dungeon)

   It has been specially enchanted to burn those struck by it, causing extra
   injury to most foes and up to half again as much damage against particularly
   susceptible opponents.
   Big, fiery blades are also staple armaments of hydra-hunters.
   It greatly protects you from negative energy.
   It affects your resistance to hostile enchantments.
   It lets you turn invisible.
   It makes you more stealthy.
Armour
 b - a +0 scale mail (worn)
 c - a +1 shield (worn)
 o - a +0 cloak (worn)
Jewellery
 g - an amulet of regeneration (around neck)
 r - a ring of wizardry (left hand)
 z - a ring of flight (right hand)
Wands
 n - a wand of digging (7)
 u - a wand of flame (31)
 w - a wand of polymorph (14)
 B - a wand of random effects (21)
Scrolls
 i - a scroll of magic mapping
 m - 5 scrolls of amnesia
 p - 2 scrolls of remove curse
 s - a scroll of immolation
 t - a scroll of enchant armour
 y - a scroll of enchant weapon
Potions
 e - 6 potions of lignification
 j - 3 potions of flight
 A - a potion of magic
 C - 2 potions of brilliance
Comestibles
 f - 12 rations


   Skills:
 + Level 9.7 Fighting
 + Level 8.5 Axes
 + Level 9.7 Armour
 + Level 7.4 Dodging
 - Level 9.0 Shields


You had 10 spell levels left.
You didn't know any spells.
Your spell library contained the following spells:

 Spells                   Type           Power        Failure   Level  Hunger
 Confusing Touch          Hex            #.....       38%         1    ##.....
 Freeze                   Ice            #...         38%         1    ##.....
 Poisonous Vapours        Pois/Air       #.....       50%         2    ###....
 Throw Frost              Conj/Ice       #.....       50%         2    ###....
 Confuse                  Hex            #.......     73%         3    ####...
 Gell's Gravitas          Tloc           #.........   73%         3    ####...
 Mephitic Cloud           Conj/Pois/Air  #.......     73%         3    ####...
 Ozocubu's Armour         Chrm/Ice       #.......     73%         3    ####...
 Olgreb's Toxic Radiance  Pois           #.......     98%         4    #####..
 Petrify                  Tmut/Erth      #.......     98%         4    #####..
 Summon Ice Beast         Ice/Summ       #.......     98%         4    #####..
 Throw Icicle             Conj/Ice       #.......     98%         4    #####..
 Alistair's Intoxication  Tmut/Pois      #.......     100%        5    ######.
 Metabolic Englaciation   Hex/Ice        #.........   100%        5    ######.
 Venom Bolt               Conj/Pois      #.........   100%        5    ######.
 Yara's Violent Unravell  Hex/Tmut       #.........   100%        5    ######.


Dungeon Overview and Level Annotations

Branches:
Dungeon (12/15)            Temple (1/1) D:6            Lair (0/6) D:10
    Orc (0/2) D:11

Altars:
Ashenzari
Cheibriados
Elyvilon
Fedhas
Gozag
Hepliaklqana
Makhleb
Nemelex Xobeh
Okawaru
Ru
Sif Muna
Trog
Wu Jian
Xom
Zin
The Shining One
Jiyva

Shops:
D:8 [   D:9 *


Innate Abilities, Weirdness & Mutations

You cannot be hasted, slowed, berserked, paralysed or teleported.
You can dig through walls and to a lower floor.
Your four strong arms can wield two-handed weapons with a shield.
You have a pair of large antennae on your head. (SInv)
You have acidic saliva.


Message History

You are engulfed in flames!!
* * * LOW HITPOINT WARNING * * *
The red ugly thing completely misses you.
You turn to flesh and can move again.
Unknown command.
Okay, then.
Unknown command.
The red ugly thing barely misses you.
Jiyva's power touches on your attributes.
You feel clever.
You feel clumsy.
You hear a distant slurping noise.
Jiyva alters your body.
The jelly growth is reabsorbed into your body.
Jiyva appreciates your sacrifice.
You feel a little less hungry.
You feel better. The red ugly thing tail-slaps you.
* * * LOW HITPOINT WARNING * * *
You are engulfed in flames!!
You die...

*** *,********##** *,∆,,,,,,,..,*
*,#########.** *,#.......#.*
*,#.#####.#.* *********
*,#.#####.#.* ***,,,,,,,****
*****,#.#.....#.####,,,,,,,,,,,,,
,,,,*,#.#.#...#.@u.#,*,,,,,,,***,
***,*,#.#.#.#.####.#.#******** *,
*,*,*,#.#.#.#.# #.#.# *********+
*,*,*,#..<#.#.####.#.# *,,,,,,,,,
*,,,*,#...#.#....#.#.# *,,,,,,,,,
*,***,#...#J#....#.#.# *,,,,,,,,,
,,,,,,#...#.#....#.#.# *,,,,,,,,,
*,****#...#,#.J.J#.#.# *,,,,,,,,,
*,****#...#,#....#.#.# *********,


You could see a red ugly thing.

Vanquished Creatures
  2 two-headed ogres
  Erica (D:10)
  A skeletal warrior (D:12)
  An ugly thing (D:12)
  3 trolls
  A hornet (D:11)
  2 hippogriffs (D:10)
  Sigmund (D:6)
  3 yaks (D:11)
  2 wyverns (D:8)
  A basilisk (D:12)
  A hungry ghost (D:7)
  2 vampire mosquitoes (D:8)
  3 sky beasts
  4 orc warriors
  3 ice beasts
  A necrophage (D:6)
  5 ogres
  2 centaurs
  A big kobold (D:12)
  7 bullfrogs
  4 scorpions
  4 killer bees (D:8)
  A bullfrog zombie (D:12)
  3 centaur zombies
  2 crimson imps (D:5)
  7 hounds
  4 orc priests
  A bullfrog skeleton (D:4)
  3 iguanas
  4 orc wizards
  5 worker ants
  A hound skeleton (D:5)
  A howler monkey zombie (D:9)
  5 worker ant zombies
  9 adders
  A gnoll (Bailey)
  A shadow imp (D:11)
  2 adder skeletons (D:9)
  2 dart slugs
  5 leopard geckos
  23 orcs
  7 bats
  3 giant cockroaches
  6 goblins
  5 hobgoblins
  A quokka (D:3)
  A ball python (D:5)
  3 frilled lizards
  13 kobolds
  5 rats
179 creatures vanquished.

Vanquished Creatures (collateral kills)
  A two-headed ogre (D:11)
  A hippogriff (D:11)
2 creatures vanquished.

Vanquished Creatures (others)
  A slime creature (D:12)
  A shadow (D:12)
  A wyvern (D:8)
  A basilisk (D:12)
  A bullfrog (D:11)
  An electric eel (D:12)
  3 crimson imps
  20 jellies
  2 orc wizards (D:8)
  An orc priest (D:8)
  4 orcs
36 creatures vanquished.

Grand Total: 217 creatures vanquished

Notes
Turn   | Place    | Note
-------+----------+-------------------------------------------
     0 | D:1      | Lanoc the Formicid Fighter began the quest for the Orb.
     0 | D:1      | Reached XP level 1. HP: 18/18 MP: 1/1
    59 | D:1      | Reached XP level 2. HP: 23/24 MP: 2/2
   170 | D:1      | Reached XP level 3. HP: 29/29 MP: 3/3
   283 | D:2      | Found an iron altar of Okawaru.
   349 | D:3      | Reached XP level 4. HP: 35/35 MP: 4/4
   394 | D:3      | Found a burning altar of Makhleb.
   405 | D:3      | Reached skill level 1 in Dodging
   578 | D:3      | You fall through a shaft for 3 floors!
   578 | D:6      | Found a hazy altar of Hepliaklqana.
   579 | D:6      | Noticed a centaur
   580 | D:6      | Found an opulent altar of Gozag.
   588 | D:6      | Killed a centaur
   588 | D:6      | Reached XP level 5. HP: 15/42 MP: 5/5
   661 | D:6      | Noticed a bullfrog
   667 | D:6      | Killed a bullfrog
   667 | D:6      | Reached XP level 6. HP: 48/48 MP: 6/6
   728 | D:6      | Noticed Sigmund
   747 | D:6      | Killed Sigmund
   747 | D:6      | Reached skill level 5 in Shields
   747 | D:6      | Reached XP level 7. HP: 50/55 MP: 7/7
   763 | D:6      | Found a staircase to the Ecumenical Temple.
   974 | Temple   | Entered the Ecumenical Temple
   988 | Temple   | Became a worshipper of Jiyva Joyriuho the Shapeless
  1266 | D:6      | Reached * piety under Jiyva
  1325 | D:6      | Found a glowing silver altar of Zin.
  1332 | D:6      | Found a snail-covered altar of Cheibriados.
  1333 | D:6      | Found an iron altar of Okawaru.
  1338 | D:6      | Found a bloodstained altar of Trog.
  1547 | D:5      | Entered Level 5 of the Dungeon
  1593 | D:5      | Reached skill level 5 in Fighting
  1593 | D:5      | Reached skill level 5 in Armour
  1593 | D:5      | Reached XP level 8. HP: 39/61 MP: 8/8
  1633 | D:5      | Reached skill level 5 in Axes
  1827 | D:5      | Reached ** piety under Jiyva
  1922 | D:5      | Found a shimmering altar of Xom.
  1922 | D:5      | Found a white marble altar of Elyvilon.
  2943 | D:7      | Reached XP level 9. HP: 67/68 MP: 9/9
  3019 | D:7      | Got a crude war axe
  3020 | D:7      | Identified the +9 war axe of the Enchanted Forest {flame,
                  | +Inv rN++ MR- Stlth+} (You found it on level 7 of the
                  | Dungeon)
  3246 | D:7      | Reached *** piety under Jiyva
  3251 | D:7      | Gained mutation: You expend magic power (3 MP) to
                  | strengthen your wands. [Jiyva's grace]
  3252 | D:7      | Got a scorched dagger
  3253 | D:7      | Identified the +3 dagger "Duniz" {pierce, *Noise +Rage
                  | Int+4} (You found it on level 7 of the Dungeon)
  3410 | D:8      | Found a blossoming altar of Fedhas.
  3507 | D:8      | Found a runed translucent door.
  3526 | D:8      | Noticed a two-headed ogre
  3541 | D:8      | Reached **** piety under Jiyva
  3555 | D:8      | Gained mutation: Armour fits poorly on your strangely
                  | shaped body. [Jiyva's grace]
  3586 | D:8      | Killed a two-headed ogre
  3586 | D:8      | Reached skill level 5 in Dodging
  3586 | D:8      | Reached XP level 10. HP: 13/78 MP: 10/10
  3600 | D:8      | Lost mutation: Armour fits poorly on your strangely shaped
                  | body. [Jiyva's grace]
  3640 | D:8      | Reached ***** piety under Jiyva
  3684 | D:8      | Noticed a two-headed ogre
  3858 | D:8      | HP: 2/78 [two-headed ogre/+0 giant club (21)]
  3912 | D:8      | Found Eqoth's Antique Armour Shop.
  4077 | D:8      | Identified Fucexipa's Incunabulum of Poison
  4253 | D:9      | Found an opulent altar of Gozag.
  4312 | D:9      | Found a glowing golden altar of the Shining One.
  4312 | D:9      | Found a deep blue altar of Sif Muna.
  4340 | D:9      | Lost mutation: You expend magic power (3 MP) to strengthen
                  | your wands. [Jiyva's grace]
  4780 | D:9      | Found Tuexiep's General Store.
  5091 | D:10     | Entered Level 10 of the Dungeon
  5093 | D:10     | Noticed Erica
  5105 | D:10     | Killed Erica
  5191 | D:10     | Found a staircase to the Lair.
  5287 | D:10     | Gained mutation: You have acidic saliva. [Jiyva's grace]
  5493 | D:10     | Noticed a two-headed ogre
  5504 | D:10     | Killed a two-headed ogre
  5504 | D:10     | Reached XP level 11. HP: 35/87 MP: 11/11
  5531 | D:10     | You fall through a shaft for 2 floors!
  5541 | D:12     | Noticed a brown ugly thing
  5548 | D:12     | Killed a brown ugly thing
  5592 | D:12     | Noticed a skeletal warrior
  5593 | D:12     | Noticed a cyclops
  5595 | D:12     | Noticed a skeletal warrior
  5642 | D:12     | Killed a skeletal warrior
  5650 | D:12     | HP: 5/133 [cloud of flame (16)]
  5750 | D:11     | Found a hazy altar of Hepliaklqana.
  5832 | D:11     | Gained mutation: You have a small jelly attached to you
                  | that senses nearby items. [Jiyva's grace]
  5860 | D:11     | Found a flagged portal.
  5860 | D:11     | Reached ****** piety under Jiyva
  5869 | Bailey   | Entered a bailey
  5965 | Bailey   | Found a burning altar of Makhleb.
  6119 | D:11     | Noticed a two-headed ogre
  6313 | D:11     | Killed a two-headed ogre
  6353 | D:11     | Found a staircase to the Orcish Mines.
  6487 | D:12     | Noticed a red ugly thing
  6517 | D:12     | Lost mutation: You have a small jelly attached to you that
                  | senses nearby items. [Jiyva's grace]
  6519 | D:12     | Slain by a red ugly thing

Levels and vault maps discovered:
D:1:      arrival_zaba_pyramid, layout_loops_ring
D:2:      minmay_skewed_foursquare, layout_loops_ring,
          lemuel_zombie_altar_yredelemnul, first_ration,
          chequers_serial_rivers_small_3, st_stairs_9,
          okawaru_metal_pillars_1_2, uniq_crazy_yiuf_cottage
D:3:      layout_basic, lemuel_crystal_altar, old_standard_altar
D:4:      layout_basic, chequers_serial_rivers_micro_a
D:5:      layout_gridville, gammafunk_temple_overflow_elements
D:6:      layout_loops_ring, lemuel_crystal_altar, minitemple,
          minmay_temple_entry_glass, minivault_4, nicolae_gozag_seed_capital,
          uniq_sigmund
D:7:      layout_rooms, item_on_display_b
D:8:      minmay_the_grid_four_pointed_star
          [minmay_the_grid_triangle_9x9_intruding_spiral,
          minmay_the_grid_triangle_9x9_warning,
          minmay_the_grid_triangle_9x9_subtriangle,
          minmay_the_grid_triangle_9x9_checkered,
          minmay_the_grid_prize_trominoes], layout_cave_pools, fedhas_altar_2,
          serial_shops, nicolae_shop_stone
D:9:      layout_gridville, gammafunk_temple_overflow_wave, basic_altar,
          serial_shops, shop
D:10:     layout_small_grid, lair_entry_dummy, uniq_erica
D:11:     layout_roguey, orc_0_dummy, enter_bailey_2, basic_altar
D:12:     layout_basic, fountainhead
Temple:   pf_slime_end_temple

Skill      XL: |  1  2  3  4  5  6  7  8  9 10 11 |
---------------+----------------------------------+-----
Shields        | 4 5 6 8 9 |  9.0
Axes           | 3 4 5 6 7 8 |  8.5
Dodging        | 1 2 3 5 6 7 |  7.4
Armour         | 4 5 6 7 8 9 |  9.7
Fighting       | 4 5 6 7 8 9 |  9.7

Action                   |  1- 3 |  4- 6 |  7- 9 | 10-12 || total
-------------------------+-------+-------+-------+-------++-------
Melee: War axe           |    65 |    76 |   223 |   188 ||   552
       Bite              |       |       |       |    13 ||    13
Throw: Tomahawk          |       |       |       |    19 ||    19
Invok: Request Jelly     |       |       |       |     3 ||     3
  Use: Potion            |       |     2 |       |     7 ||     9
       Scroll            |       |       |     3 |    13 ||    16
 Stab: Distracted        |       |       |     1 |       ||     1
  Eat: Chunk             |       |       |     6 |       ||     6
       Ration            |       |       |     1 |       ||     1
Armor: Scale mail        |    32 |    27 |    76 |    68 ||   203
       Skin              |       |     4 |       |    22 ||    26
Dodge: Dodged            |    20 |    34 |    85 |   138 ||   277
Block: Shield            |    28 |    48 |   116 |   177 ||   369

Table legend:
 A = Non-vault XP
 B = Vault XP
 C = Vault XP percentage of total XP
 D = Non-vault monster count
 E = Vault monster count
 F = Vault count percentage of total count
                 A         B        C        D         E       F
            +---------+---------+-------+---------+---------+-------
      Total |   10800 |    3356 |  23.7 |     156 |      25 |  13.8
            +---------+---------+-------+---------+---------+-------
        D:1 |      30 |       0 |   0.0 |      18 |       0 |   0.0
        D:2 |       5 |      21 |  80.8 |       4 |       3 |  42.9
        D:3 |      45 |       0 |   0.0 |      15 |       0 |   0.0
        D:4 |     220 |       0 |   0.0 |       5 |       0 |   0.0
        D:5 |     626 |       0 |   0.0 |      22 |       0 |   0.0
        D:6 |     634 |     212 |  25.1 |      18 |       1 |   5.3
        D:7 |     626 |       0 |   0.0 |      13 |       0 |   0.0
        D:8 |     447 |    1798 |  80.1 |       7 |       9 |  56.2
        D:9 |     563 |       0 |   0.0 |      14 |       0 |   0.0
       D:10 |    1805 |     897 |  33.2 |       8 |       1 |  11.1
       D:11 |    3144 |       0 |   0.0 |      21 |       0 |   0.0
       D:12 |    2655 |       0 |   0.0 |      11 |       0 |   0.0
     Bailey |       0 |     428 | 100.0 |       0 |      11 | 100.0
            +---------+---------+-------+---------+---------+-------
